 Dungeon Crawl Stone Soup version 0.31-a0-174-g85c54bcb58 (webtiles) character file.

Game seed: 12890690699867531605

744 qw the Shooter (level 7, -7/64 HPs)
             Began as a Naga Hunter on June 15, 2023.
             Was an Initiate of Okawaru.
             Mangled by Duvessa
             ... wielding a +0 short sword
              (13 damage)
             ... on level 5 of the Dungeon.
             The game lasted 00:01:46 (3522 turns).

qw the Shooter (Naga Hunter)                        Turns: 3522, Time: 00:01:46

Health: -7/64      AC:  8    Str: 13    XL:     7   Next: 76%
Magic:  7/7        EV: 10    Int:  9    God:    Okawaru [......]
Gold:   162        SH:  0    Dex: 17    Spells: 6/6 levels left

rFire   . . .        Y - +0 shortbow (flame)
rCold   . . .        (shield currently unavailable)
rNeg    . . .        c - +0 leather armour
rPois   +            (no helmet)
rElec   .            h - +0 cloak
rCorr   .            g - +2 pair of gloves
SInv    +            (no barding)
Will    .....        (no amulet)
Stlth   ++           (no ring)
HPRegen 0.30/turn    (no ring)
MPRegen 0.10/turn

%: no passive effects
@: short of breath, very slow
A: AC +2, large, see invisible, deformed body, poison resistance, slowness 2,
spit poison 1, naga tail 1
a: Spit Poison, Renounce Religion


You were on level 5 of the Dungeon.
You worshipped Okawaru.
Okawaru was noncommittal.
You visited 1 branch of the dungeon, and saw 5 of its levels.
You also visited: Ossuary.

You collected 162 gold pieces.


Innate Abilities, Weirdness & Mutations

Your serpentine skin is tough. (AC +2)
You have supernaturally acute eyesight. (SInv)
Armour fits poorly on your strangely shaped body.
Your system is resistant to poisons. (rPois)
You cover ground very slowly.
You can spit poison.
You have a snake-like lower body.


   Skills:
 - Level 4.0 Fighting
 + Level 7.3 Ranged Weapons
 - Level 1.2 Armour
 - Level 2.3 Dodging
 - Level 1.5 Stealth


You had 6 spell levels left.
You didn't know any spells.
Your spell library was empty.

Inventory:

Hand Weapons
 Y - a +0 shortbow of flaming (weapon)
Armour
 c - a +0 leather armour (worn)
 g - a +2 pair of gloves (worn)
 h - a +0 cloak (worn)
Wands
 f - a wand of digging (6)
Scrolls
 a - 2 scrolls of teleportation
 e - a scroll of identify
Potions
 b - a potion of heal wounds {unknown}
 d - a potion of lignification {unknown}
 k - a potion of might {unknown}

Dungeon Overview and Level Annotations

Branches:
Dungeon (5/15)            Ossuary (visited)
 Temple: D:4-7

Altars:
Gozag
Kikubaaqudgha
Makhleb
Nemelex Xobeh
Okawaru
Trog
Uskayaw
Wu Jian
Xom

Shops:
D:2 (

Annotations:
D:5 Duvessa


Message History

Duvessa hits you with a +0 short sword.
3515 ||| INVOKING Spit Poison.
Aiming: Spit Poison (1% risk of failure)
Press: ? - help, Shift-Dir - straight line, f/p - Duvessa The splash of poison misses Duvessa.
Duvessa looks more healthy.
You shoot an arrow. The arrow barely misses Duvessa.
Duvessa hits you with a +0 short sword.
You shoot an arrow. The arrow hits Dowan.
The arrow burns Dowan.
Dowan is severely wounded.
Duvessa hits you with a +0 short sword.
Dowan points at Duvessa and mumbles some strange words.
Duvessa seems to speed up.
You shoot an arrow. The arrow barely misses Dowan.
Duvessa hits you with a +0 short sword. Dowan casts a spell at you.
You easily resist.
You shoot an arrow. The arrow hits Dowan!
The arrow burns Dowan.
You kill Dowan!
Okawaru accepts your kill.
Duvessa screams, "No!
How DARE you!"
Duvessa goes berserk!
Duvessa hits you with a +0 short sword. x2
You shoot an arrow.
The arrow hits Duvessa but does no damage.
Duvessa is moderately wounded.
Duvessa hits you with a +0 short sword. Duvessa barely misses you.
You shoot an arrow.
The arrow hits Duvessa but does no damage.
Duvessa is moderately wounded.
You have got your breath back.
Duvessa hits you with a +0 short sword!
3522 ||| INVOKING Spit Poison.
Aiming: Spit Poison (1% risk of failure)
Press: ? - help, Shift-Dir - straight line, f/p - Duvessa The splash of poison hits Duvessa but does no damage.
Duvessa is poisoned.
Duvessa is moderately wounded.
Duvessa hits you with a +0 short sword! x2
You die...

..# #.# #.## # #..
.## ##+#+##.. ...#
#}....#.##.....
#8...$)e...# #@###
.#
.#######...###...##
.........#.<.......
#####...........#..
#######....##
##...# #.## ##


You could see Duvessa (berserk, fast, poisoned).

Vanquished Creatures
  2 scorpions (D:4)
  Dowan (D:5)
  A centaur zombie (Ossuary)
  A jelly (D:3)
  3 hounds
  3 human zombies (Ossuary)
  An orc priest (D:3)
  An iguana (D:4)
  2 orc wizards (D:3)
  3 mummies (Ossuary)
  4 gnolls (D:4)
  6 adders
  A worm (D:3)
  4 dart slugs
  6 orcs (D:3)
  4 bats
  13 endoplasms
  4 giant cockroaches
  8 goblins
  5 hobgoblins
  3 quokkas
  9 ball pythons
  A frilled lizard (D:2)
  A hobgoblin zombie (Ossuary)
  4 kobolds
  A kobold zombie (Ossuary)
  2 orc zombies (Ossuary)
  8 rats
102 creatures vanquished.

Notes
Turn   | Place    | Note
-------+----------+-------------------------------------------
     0 | D:1      | qw the Naga Hunter began the quest for the Orb.
     0 | D:1      | Reached XP level 1. HP: 19/19 MP: 1/1
     0 | D:1      | 0 ||| qw: Version: 0.2-a-29-g511e9b1
     0 | D:1      | 0 ||| qw: Game counter: 5216
     0 | D:1      | 0 ||| qw: Always use a shield: true
     0 | D:1      | 0 ||| qw: God list: Okawaru
     0 | D:1      | 0 ||| qw: Allow faded altars: false
     0 | D:1      | 0 ||| qw: Do Orc after D:15 true
     0 | D:1      | 0 ||| qw: Do second Lair branch before Depths: true
     0 | D:1      | 0 ||| qw: Lair rune preference: random
     0 | D:1      | 0 ||| qw: Plans: Normal
     0 | D:1      | 0 ||| PLANNING D:1-11
    16 | D:1      | 16 ||| INVOKING Spit Poison.
    64 | D:1      | 64 ||| INVOKING Spit Poison.
    67 | D:1      | 67 ||| INVOKING Spit Poison.
    70 | D:1      | 70 ||| INVOKING Spit Poison.
    74 | D:1      | 74 ||| INVOKING Spit Poison.
    75 | D:1      | Reached skill level 4 in Ranged Weapons
    75 | D:1      | Reached XP level 2. HP: 13/26 MP: 2/2
   139 | D:1      | 139 ||| INVOKING Spit Poison.
   153 | D:1      | 153 ||| INVOKING Spit Poison.
   154 | D:1      | Found a faded altar of an unknown god.
   159 | D:1      | 159 ||| INVOKING Spit Poison.
   182 | D:1      | 182 ||| INVOKING Spit Poison.
   196 | D:1      | 196 ||| INVOKING Spit Poison.
   207 | D:1      | 207 ||| INVOKING Spit Poison.
   234 | D:1      | 234 ||| INVOKING Spit Poison.
   333 | D:1      | 333 ||| INVOKING Spit Poison.
   483 | D:1      | Reached XP level 3. HP: 32/32 MP: 3/3
   484 | D:1      | 484 ||| INVOKING Spit Poison.
   491 | D:1      | 491 ||| INVOKING Spit Poison.
   525 | D:1      | 525 ||| UPGRADING to +2 pair of gloves.
   530 | D:1      | 530 ||| READING scroll labelled JIOROA BIARET.
   533 | D:1      | 533 ||| READING 2 scrolls labelled LIDDUN LYECWI.
   534 | D:1      | 534 ||| READING scroll labelled LICLAY LORUXIWN.
   535 | D:1      | 535 ||| DROPPING scroll of butterflies.
   656 | D:2      | 656 ||| INVOKING Spit Poison.
   661 | D:2      | 661 ||| INVOKING Spit Poison.
   665 | D:2      | 665 ||| INVOKING Spit Poison.
   734 | D:2      | 734 ||| INVOKING Spit Poison.
   776 | D:2      | 776 ||| INVOKING Spit Poison.
   784 | D:2      | 784 ||| INVOKING Spit Poison.
   809 | D:2      | 809 ||| INVOKING Spit Poison.
   820 | D:2      | 820 ||| INVOKING Spit Poison.
   838 | D:2      | Found a shimmering altar of Xom.
   855 | D:2      | Found Vurchaco's Antique Weapon Shop.
   865 | D:2      | 865 ||| SHOPLISTING orcbow (66 gold, have 28).
   989 | D:2      | 989 ||| INVOKING Spit Poison.
  1054 | D:2      | 1054 ||| INVOKING Spit Poison.
  1225 | D:2      | 1225 ||| READING scroll labelled DUEPLE UPLU.
  1326 | D:2      | 1326 ||| READING scroll labelled SESOAPR USIKIL.
  1327 | D:2      | 1327 ||| READING 2 scrolls of identify.
  1327 | D:2      | 1327 ||| IDENTIFYING fizzy ruby potion
  1328 | D:2      | 1328 ||| DROPPING potion of enlightenment.
  1481 | D:3      | 1481 ||| INVOKING Spit Poison.
  1482 | D:3      | Reached skill level 5 in Ranged Weapons
  1490 | D:3      | 1490 ||| INVOKING Spit Poison.
  1493 | D:3      | 1493 ||| INVOKING Spit Poison.
  1498 | D:3      | 1498 ||| INVOKING Spit Poison.
  1502 | D:3      | 1502 ||| INVOKING Spit Poison.
  1505 | D:3      | Reached XP level 4. HP: 15/40 MP: 4/4
  1508 | D:3      | 1508 ||| INVOKING Spit Poison.
  1513 | D:3      | 1513 ||| INVOKING Spit Poison.
  1651 | D:3      | 1651 ||| INVOKING Spit Poison.
  1662 | D:3      | 1662 ||| INVOKING Spit Poison.
  1671 | D:3      | 1671 ||| INVOKING Spit Poison.
  1677 | D:3      | Reached skill level 3 in Fighting
  1688 | D:3      | 1688 ||| INVOKING Spit Poison.
  1700 | D:3      | 1700 ||| INVOKING Spit Poison.
  1740 | D:3      | 1740 ||| INVOKING Spit Poison.
  1745 | D:3      | Reached XP level 5. HP: 43/49 MP: 5/5
  1867 | D:3      | 1867 ||| INVOKING Spit Poison.
  1872 | D:3      | 1872 ||| INVOKING Spit Poison.
  1886 | D:3      | 1886 ||| INVOKING Spit Poison.
  1914 | D:3      | 1914 ||| INVOKING Spit Poison.
  1917 | D:3      | 1917 ||| Stepping ~*~*~tactically~*~*~ (outnumbered).
  1919 | D:3      | 1919 ||| INVOKING Spit Poison.
  1922 | D:3      | 1922 ||| INVOKING Spit Poison.
  1926 | D:3      | 1926 ||| INVOKING Spit Poison.
  1933 | D:3      | 1933 ||| INVOKING Spit Poison.
  2014 | D:3      | 2014 ||| UPGRADING to +0 cloak.
  2019 | D:3      | 2019 ||| DROPPING +6 ring of intelligence.
  2020 | D:3      | 2020 ||| READING 2 scrolls of identify.
  2020 | D:3      | 2020 ||| IDENTIFYING clear potion
  2021 | D:3      | 2021 ||| DROPPING potion of invisibility.
  2049 | D:4      | 2049 ||| PLANNING OSSUARY
  2052 | D:4      | 2052 ||| INVOKING Spit Poison.
  2059 | D:4      | 2059 ||| INVOKING Spit Poison.
  2062 | D:4      | 2062 ||| INVOKING Spit Poison.
  2064 | D:4      | Reached skill level 6 in Ranged Weapons
  2064 | D:4      | Reached XP level 6. HP: 40/56 MP: 6/6
  2066 | D:4      | 2066 ||| INVOKING Spit Poison.
  2072 | D:4      | 2072 ||| INVOKING Spit Poison.
  2073 | D:4      | 2073 ||| FLEEEEING.
  2074 | D:4      | 2074 ||| STAIRDANCE
  2078 | D:3      | 2078 ||| INVOKING Spit Poison.
  2162 | D:4      | 2162 ||| INVOKING Spit Poison.
  2166 | D:4      | 2166 ||| INVOKING Spit Poison.
  2228 | D:4      | 2228 ||| INVOKING Spit Poison.
  2234 | D:4      | 2234 ||| INVOKING Spit Poison.
  2263 | D:4      | 2263 ||| INVOKING Spit Poison.
  2307 | D:4      | 2307 ||| Stepping ~*~*~tactically~*~*~ (outnumbered).
  2309 | D:4      | 2309 ||| Stepping ~*~*~tactically~*~*~ (outnumbered).
  2312 | D:4      | 2312 ||| INVOKING Spit Poison.
  2319 | D:4      | 2319 ||| INVOKING Spit Poison.
  2366 | D:4      | 2366 ||| INVOKING Spit Poison.
  2396 | D:4      | 2396 ||| INVOKING Spit Poison.
  2401 | D:4      | 2401 ||| INVOKING Spit Poison.
  2404 | D:4      | 2404 ||| INVOKING Spit Poison.
  2410 | D:4      | Found a sand-covered staircase.
  2416 | Ossuary  | Entered an ossuary
  2473 | Ossuary  | Reached XP level 7. HP: 49/64 MP: 7/7
  2757 | Ossuary  | 2757 ||| READING scroll labelled NOFALOCVEO.
  2758 | Ossuary  | 2758 ||| READING scroll labelled ZAOHUE VAXUE.
  2759 | Ossuary  | 2759 ||| READING scroll labelled ZIHYIH RUC.
  2760 | Ossuary  | 2760 ||| READING 2 scrolls of identify.
  2760 | Ossuary  | 2760 ||| IDENTIFYING fizzy coppery potion
  2761 | Ossuary  | 2761 ||| DROPPING potion of berserk rage.
  2777 | D:4      | 2777 ||| PLANNING D:1-11
  2822 | D:4      | 2822 ||| INVOKING Spit Poison.
  2827 | D:4      | Reached skill level 7 in Ranged Weapons
  3005 | D:4      | 3005 ||| INVOKING Spit Poison.
  3009 | D:4      | 3009 ||| INVOKING Spit Poison.
  3015 | D:4      | 3015 ||| INVOKING Spit Poison.
  3018 | D:4      | 3018 ||| Stepping ~*~*~tactically~*~*~ (outnumbered).
  3020 | D:4      | 3020 ||| INVOKING Spit Poison.
  3024 | D:4      | Reached skill level 1 in Armour
  3025 | D:4      | 3025 ||| INVOKING Spit Poison.
  3114 | D:4      | 3114 ||| Stepping ~*~*~tactically~*~*~ (outnumbered).
  3116 | D:4      | 3116 ||| Stepping ~*~*~tactically~*~*~ (outnumbered).
  3118 | D:4      | 3118 ||| Stepping ~*~*~tactically~*~*~ (outnumbered).
  3119 | D:4      | 3119 ||| Stepping ~*~*~tactically~*~*~ (outnumbered).
  3120 | D:4      | 3120 ||| INVOKING Spit Poison.
  3125 | D:4      | 3125 ||| INVOKING Spit Poison.
  3129 | D:4      | 3129 ||| INVOKING Spit Poison.
  3133 | D:4      | 3133 ||| INVOKING Spit Poison.
  3278 | D:4      | Found an ancient bone altar of Kikubaaqudgha.
  3278 | D:4      | Found a sparkling altar of Nemelex Xobeh.
  3283 | D:4      | Found a burning altar of Makhleb.
  3284 | D:4      | Found a hide-covered altar of Uskayaw.
  3286 | D:4      | Found an opulent altar of Gozag.
  3287 | D:4      | Found a bloodstained altar of Trog.
  3289 | D:4      | Found an iron altar of Okawaru.
  3290 | D:4      | 3290 ||| PLANNING OKAWARU WORSHIP
  3290 | D:4      | 3290 ||| READING scroll labelled NETAIJ ROROE.
  3294 | D:4      | Found an ornate altar of the Wu Jian Council.
  3297 | D:4      | Became a worshipper of Warmaster Okawaru
  3298 | D:4      | 3298 ||| PLANNING D:1-11
  3497 | D:5      | Entered Level 5 of the Dungeon
  3508 | D:5      | Noticed Duvessa
  3509 | D:5      | 3509 ||| INVOKING Spit Poison.
  3509 | D:5      | Noticed Dowan
  3515 | D:5      | 3515 ||| INVOKING Spit Poison.
  3519 | D:5      | Killed Dowan
  3522 | D:5      | 3522 ||| INVOKING Spit Poison.
  3522 | D:5      | HP: 6/64 [Duvessa/+0 short sword (12)]
  3522 | D:5      | Mangled by Duvessa

Levels and vault maps discovered:
D:1:      dpeg_arrival_prison, layout_basic, dreamdust_ecumenical_altar_grove
D:2:      layout_loops_ring, serial_shops, nicolae_shop_just_a_little_nook,
          basic_altar
D:3:      layout_loops_ring
D:4:      minmay_razor_zed, layout_basic, nicolae_overflow_hallway_of_the_gods,
          enter_ossuary_1
D:5:      dreamdust_elfheim, layout_layer_cave, uniq_duvessa

Skill      XL: |  1  2  3  4  5  6  7 |
---------------+----------------------+-----
Ranged Weapons | 4 5 6 7 |  7.3
Fighting       | 3 4 |  4.0
Dodging        | 2 |  2.3
Armour         | 1 |  1.2
Stealth        | |  1.5

Action                     |  1- 3 |  4- 6 |  7- 9 || total
---------------------------+-------+-------+-------++-------
   Fire: Shortbow          |    84 |   159 |   109 ||   352
Ability: Spit Poison       |    30 |    33 |    13 ||    76
    Use: Scroll            |     6 |     1 |     5 ||    12
 Armour: Leather armour    |    16 |    46 |    25 ||    87
  Dodge: Dodged            |    22 |    58 |    39 ||   119

Table legend:
 A = Non-vault XP
 B = Vault XP
 C = Vault XP percentage of total XP
 D = Non-vault monster count
 E = Vault monster count
 F = Vault count percentage of total count
                 A         B        C        D         E       F
            +---------+---------+-------+---------+---------+-------
      Total |     572 |     492 |  46.2 |      77 |      25 |  24.5
            +---------+---------+-------+---------+---------+-------
        D:1 |      43 |       1 |   2.3 |      23 |       1 |   4.2
        D:2 |      33 |       0 |   0.0 |      13 |       0 |   0.0
        D:3 |     262 |       0 |   0.0 |      24 |       0 |   0.0
        D:4 |     234 |     186 |  44.3 |      17 |      12 |  41.4
        D:5 |       0 |      69 | 100.0 |       0 |       1 | 100.0
    Ossuary |       0 |     236 | 100.0 |       0 |      11 | 100.0
            +---------+---------+-------+---------+---------+-------
